 Dungeon Crawl Stone Soup version 0.29.1-1-gd02db6906a (webtiles) character file.

Game seed: 11025855067938521663

468 LabCoat the Chopper (level 7, -1/60 HPs)
             Began as a Hill Orc Fighter on Oct 3, 2022.
             Slain by a gnoll bouda
             ... wielding a +0 club
              (4 damage)
             ... on level 5 of the Dungeon.
             The game lasted 00:07:05 (3809 turns).

LabCoat the Chopper (Hill Orc Fighter)              Turns: 3809, Time: 00:07:05

Health: -1/60      AC: 11    Str: 21    XL:     7   Next: 8%
Magic:  7/7        EV:  7    Int:  8    God:
Gold:   245        SH:  9    Dex: 10    Spells: 6/6 levels left

rFire   . . .      SeeInvis .   a - +0 war axe
rCold   . . .      Faith    .   c - +0 buckler
rNeg    . . .      Spirit   .   e - +0 chain mail
rPois   .          Reflect  +   (no helmet)
rElec   .          Harm     .   h - +0 cloak
rCorr   .          Rampage  .   u - +0 pair of gloves
Will    +....                   (no boots)
Stlth   ..........              z - amulet of reflection
HPRegen 0.20/turn               p - ring of willpower
MPRegen 0.10/turn               (no ring)

@: mighty
A: no striking features
a: no special abilities


You were on level 5 of the Dungeon.
You visited 1 branch of the dungeon, and saw 5 of its levels.

You collected 245 gold pieces.

Inventory:

Hand Weapons
 a - a +0 war axe (weapon)
Missiles
 j - 7 poisoned darts
 n - 6 boomerangs (quivered)
Armour
 c - a +0 buckler (worn)
 e - a +0 chain mail (worn)
 h - a +0 cloak (worn)
 u - a +0 pair of gloves (worn)
Jewellery
 p - a ring of willpower (left hand)
 w - an amulet of guardian spirit
 z - an amulet of reflection (around neck)
Wands
 q - a wand of digging (6)
 v - a wand of paralysis (9)
 A - a wand of mindburst (4)
Scrolls
 b - a scroll of blinking {unknown}
 f - a scroll of amnesia
 g - a scroll of teleportation
 i - a scroll of fear {unknown}
 k - a scroll of butterflies {unknown}
 o - a scroll of magic mapping {unknown}
 r - a scroll of torment {unknown}
Potions
 l - a potion of cancellation
 m - a potion of resistance
 s - 2 potions of ambrosia
 x - a potion of flight {unknown}


   Skills:
 + Level 4.8 Fighting
 * Level 5.8 Axes
 + Level 2.1 Throwing
 + Level 4.3 Armour
 + Level 4.3 Shields
 + Level 2.4 Evocations


You had 6 spell levels left.
You didn't know any spells.
Your spell library contained the following spells:

 Spells                   Type           Power      Damage    Failure   Level
 Sandblast                Erth           0%         2d4       99%         1
 Passwall                 Tmut/Erth      0%         N/A       100%        2
 Ozocubu's Armour         Ice            0%         N/A       100%        3
 Stone Arrow              Conj/Erth      0%         3d7       100%        3
 Tukima's Dance           Hex            0%         N/A       100%        3
 Passage of Golubria      Tloc           0%         N/A       100%        4
 Yara's Violent Unravell  Hex/Tmut       0%         3d3       100%        5
 Ozocubu's Refrigeration  Ice            0%         4d7       100%        7


Dungeon Overview and Level Annotations

Branches:
Dungeon (5/15)
 Temple: D:4-7

Altars:
Ashenzari
Dithmenos


Message History

You hit the white imp. The gnoll barely misses you.
The gnoll hits you with a +0 whip. The white imp barely misses you.
The gnoll closely misses you.
You closely miss the gnoll.
The gnoll is severely wounded.
You hit the white imp. The gnoll hits you but does no damage.
The white imp gestures at you. The puff of frost hits you.
You block the gnoll's attack. The gnoll hits you with a +0 whip.
You slash the white imp!
You kill the white imp!
You hit the gnoll. The gnoll barely misses you.
The gnoll hits you but does no damage.
You barely miss the gnoll bouda. You block the gnoll's attack.
The gnoll hits you from afar with a +0 halberd.
The gnoll bouda hits you with a +0 club.
The gnoll hits you but does no damage.
You hit the gnoll.
You kill the gnoll!
You hit the gnoll bouda but do no damage.
You block the gnoll's attack.
The gnoll hits you from afar with a +0 halberd!
The gnoll bouda hits you with a +0 club.
The gnoll hits you but does no damage.
You feel very mighty all of a sudden.
Your attacks no longer feel as feeble.
You block the gnoll's attack.
The gnoll bouda hits you with a +0 club!
The gnoll hits you from afar with a +0 spear.
You block the gnoll's attack.
The gnoll bouda hits you with a +0 club.
* * * LOW HITPOINT WARNING * * *
The gnoll hits you with a +0 spear.
* * * LOW HITPOINT WARNING * * *
Things that are here:
a +0 whip; a gnoll corpse You barely miss the gnoll.
You slash the gnoll bouda! You slash the gnoll!
The gnoll hits you with a +0 halberd!
* * * LOW HITPOINT WARNING * * *
The gnoll bouda hits you with a +0 club.
You die...

#..####
##.....#
##......#
##?...)..#
##........#
##....<....#
###..........#
#......g.....#
.......@##..##
......gg# ..#
........# ..#
.......## .##
....... .#
....... .#
#......
##..###


You could see a gnoll bouda and 2 gnolls.

Vanquished Creatures
  A phantom (D:4)
  A bullfrog (D:4)
  A howler monkey (D:4)
  An orc priest (D:3)
  4 orc wizards
  A gnoll (D:5)
  5 adders
  A white imp (D:5)
  5 worms
  13 orcs
  6 ball pythons
  4 endoplasms
  3 giant cockroaches (D:1)
  6 goblins
  7 hobgoblins
  4 jackals (D:1)
  5 kobolds
  4 bats
  4 frilled lizards
  2 rats (D:3)
78 creatures vanquished.

Notes
Turn   | Place    | Note
-------+----------+-------------------------------------------
     0 | D:1      | LabCoat the Hill Orc Fighter began the quest for the Orb.
     0 | D:1      | Reached XP level 1. HP: 19/19 MP: 1/1
   102 | D:1      | Reached skill level 3 in Axes
   132 | D:1      | Reached XP level 2. HP: 24/27 MP: 2/2
   577 | D:1      | Reached XP level 3. HP: 33/33 MP: 3/3
   941 | D:2      | Found a shadowy altar of Dithmenos.
  1098 | D:2      | Reached skill level 4 in Axes
  1156 | D:2      | Reached skill level 1 in Evocations
  1156 | D:2      | Reached XP level 4. HP: 40/40 MP: 4/4
  1578 | D:3      | Reached skill level 1 in Throwing
  1932 | D:3      | Reached XP level 5. HP: 27/46 MP: 5/5
  2852 | D:4      | Noticed a phantom
  2862 | D:4      | Killed a phantom
  2863 | D:4      | Reached skill level 5 in Axes
  2863 | D:4      | Reached XP level 6. HP: 34/53 MP: 6/6
  2874 | D:4      | Identified the +6 great sword "Widowermaker" {venom, Int+2}
  3058 | D:4      | Found a broken altar of Ashenzari.
  3415 | D:4      | Reached XP level 7. HP: 48/60 MP: 7/7
  3793 | D:5      | Entered Level 5 of the Dungeon
  3809 | D:5      | HP: 3/60 [gnoll/+0 halberd[a gnoll bouda] (9)]
  3809 | D:5      | Slain by a gnoll bouda

Illustrated notes

Levels and vault maps discovered:
D:1:      lightli_arrival_isolated_outpost, layout_loops_cross
D:2:      layout_rooms, basic_altar
D:3:      layout_loops_corners
D:4:      layout_loops_ring, marbit_many_paths
D:5:      layout_layer_cave

Skill      XL: |  1  2  3  4  5  6 |
---------------+-------------------+-----
Axes           | 3 4 5 |  5.8
Evocations     | 1 2 |  2.4
Fighting       | 4 |  4.8
Throwing       | 1 2 |  2.1
Armour         | 4 |  4.3
Shields        | 4 |  4.3

Action                   |  1- 3 |  4- 6 |  7- 9 || total
-------------------------+-------+-------+-------++-------
Melee: War axe           |   120 |   156 |    18 ||   294
Throw: Boomerang         |       |     8 |       ||     8
  Use: Scroll            |     3 |     3 |     2 ||     8
       Potion            |       |     2 |     1 ||     3
Armor: Scale mail        |    45 |       |       ||    45
       Chain mail        |    21 |    88 |    10 ||   119
Dodge: Dodged            |    61 |    51 |     7 ||   119
Block: Buckler           |    30 |    26 |     9 ||    65
